 Dungeon Crawl Stone Soup version 0.21-a0-400-g417d9d2 (webtiles) character file.

23 Monsterracer the Sneak (level 3, 0/16 HPs)
             Began as a Vine Stalker Enchanter on Oct 20, 2017.
             Slain by an adder (5 damage)
             ... on level 2 of the Dungeon.
             The game lasted 00:05:27 (1112 turns).

Monsterracer the Sneak (Vine Stalker Enchanter)     Turns: 1112, Time: 00:05:28

Health: 0/16       AC:  2    Str: 10    XL:     3   Next: 0%
Magic:  0/7        EV: 12    Int: 16    God:
Gold:   108        SH:  0    Dex: 14    Spells: 4/7 levels left

rFire    . . .     SeeInvis .   a - +1 dagger
rCold    . . .     Gourm    .   (no shield)
rNeg     . . .     Faith    .   b - +0 robe
rPois    .         Spirit   +   (no helmet)
rElec    .         Reflect  .   (no cloak)
rCorr    .         Harm     .   (no gloves)
MR       .....                  (no boots)
Stlth    +++.......             (no amulet)
HPRegen  0.05/turn              (no ring)
MPRegen  0.10/turn              (no ring)

@: lethally poisoned (0 -> -11)
A: fangs 2, magic shield, antimagic bite, no potion heal 3, rot immunity
a: no special abilities


You were on level 2 of the Dungeon.
You were not hungry.

You visited 1 branch of the dungeon, and saw 2 of its levels.

You collected 108 gold pieces.

Inventory:

Hand Weapons
 a - a +1 dagger (weapon)
 h - a +1 short sword of protection
Armour
 b - a +0 robe (worn)
 f - a +0 buckler
Scrolls
 g - a scroll of enchant armour {unknown}
 i - a scroll of blinking {unknown}
 k - a scroll of enchant weapon {unknown}
 n - a scroll of identify {unknown}
 p - a scroll of remove curse {unknown}
Potions
 e - a potion of degeneration {unknown}
 j - a potion of haste {unknown}
 o - a potion of agility {unknown}
Books
 c - a book of Maledictions

   Spells                             Type                      Level
   a - Corona                         Hexes                        1
   b - Ensorcelled Hibernation        Hexes/Ice                    2
   c - Confuse                        Hexes                        3
   d - Tukima's Dance                 Hexes                        3
   e - Dazzling Spray                 Conjuration/Hexes            3
Comestibles
 d - 2 bread rations
 m - a royal jelly


   Skills:
 * Level 1.4 Short Blades
 - Level 1.5 Dodging
 + Level 4.0 Stealth
 + Level 2.5 Spellcasting
 + Level 3.3 Hexes


You had 4 spell levels left.
You knew the following spells:

 Your Spells              Type           Power        Failure   Level  Hunger
a - Corona                Hex            ##.....      4%          1    #......
b - Ensorcelled Hibernat  Hex/Ice        #.....       16%         2    ##.....


Dungeon Overview and Level Annotations

Branches:
Dungeon (2/15)

Altars:


Innate Abilities, Weirdness & Mutations

You have extremely sharp teeth.
When hurt, damage is shared between your health and your magic reserves.
Your bite disrupts and absorbs the magic of your enemies.
Potions cannot restore your health.
You are immune to rotting.


Message History

The goblin resists with significant effort.
The goblin hits you with a club.
Damage: -8%(-1hp) hp: 62%(8hp)
Casting: Ensorcelled Hibernation
Confirm with . or Enter, or press ? or * to list all spells.
Aiming: Ensorcelled Hibernation
Press: ? - help, Shift-Dir - straight line, f/p - goblin
Aim: a goblin, wielding a club (chance to defeat MR: 55%)
The goblin resists with significant effort.
* * * LOW MAGIC WARNING * * *
The goblin hits you but does no damage.
You hit the goblin.
The goblin is moderately wounded.
The goblin hits you but does no damage.
You barely miss the goblin. You bite the goblin. You drain its power.
You feel invigorated.
The goblin is severely wounded.
The goblin hits you with a club.
Damage: -8%(-1hp) hp: 54%(7hp)
You barely miss the goblin. Your bite misses the goblin.
The goblin is severely wounded.
The goblin hits you with a club.
* * * LOW HITPOINT WARNING * * *
Damage: -7%(-1hp) hp: 47%(6hp)
You hit the goblin.
You kill the goblin!
Unknown command.
Items here: )) †† a club x2; a goblin corpse; a hobgoblin corpse You butcher the goblin corpse.
l - 3 chunks of flesh
Items here: )) ÷ † a club x2; a goblin skeleton; a hobgoblin corpse Magic restored.
Eating one of 3 chunks of flesh.
You eat one of the 3 chunks of flesh.
This raw flesh tastes terrible.
HP restored.
A leopard gecko comes into view.
The leopard gecko moves out of view.
o - a clear potion
p - a scroll labeled ALASEN LYSE The leopard gecko is too close now for your liking.
A leopard gecko is nearby!
The leopard gecko hisses angrily.
You hit the leopard gecko.
The leopard gecko is moderately wounded.
The leopard gecko bites you.
Huge Dmg: -23%(-3hp) hp: 77%(10hp)
You hit the leopard gecko.
You kill the leopard gecko!
All of the chunks of flesh in your inventory have rotted away.
A frilled lizard comes into view.
A frilled lizard is nearby!
An adder comes into view.
You see here 10 gold pieces.
The adder hisses angrily.
The frilled lizard closely misses you.
You hit the adder.
The adder is heavily wounded.
The adder barely misses you. The frilled lizard closely misses you.
The frilled lizard barely misses you.
You hit the frilled lizard.
You kill the frilled lizard!
You have reached level 3!
Your experience leads to an increase in your attributes!
Increase (S)trength, (I)ntelligence, or (D)exterity?
You feel clever.
You miss the adder. Your bite misses the adder.
The adder is heavily wounded.
The adder bites you.
You are poisoned.
The adder poisons you! The adder closely misses you.
Huge Dmg: -25%(-4hp) hp: 75%(12hp)
Casting: Ensorcelled Hibernation
Confirm with . or Enter, or press ? or * to list all spells.
Aiming: Ensorcelled Hibernation
Press: ? - help, Shift-Dir - straight line, f - adder
Aim: an adder (heavily wounded, chance to defeat MR: 48%)
The adder resists with some effort.
You feel sick. The adder bites you.
* * * LOW HITPOINT WARNING * * *
Huge Dmg: -25%(-4hp) hp: 50%(8hp)
Casting: Ensorcelled Hibernation
Confirm with . or Enter, or press ? or * to list all spells.
Aiming: Ensorcelled Hibernation
Press: ? - help, Shift-Dir - straight line, f/p - adder
Aim: an adder (heavily wounded, chance to defeat MR: 48%)
The adder resists with some effort.
The adder closely misses you.
Casting: Ensorcelled Hibernation
Confirm with . or Enter, or press ? or * to list all spells.
Aiming: Corona
Press: ? - help, Shift-Dir - straight line, f/p - adder
Aim: an adder (heavily wounded, chance to defeat MR: 57%)
The adder struggles to resist.
* * * LOW MAGIC WARNING * * *
You feel sick. The adder bites you.
* * * LOW HITPOINT WARNING * * *
You are more poisoned.
The adder poisons you! The adder bites you.
You die...

#.#.#..... ##.#
###.....#.## ... #.
#<#........###..### ####.
#)##.....#.#......#
.....##.#................
#....................
#..........>.......#
#####...####..........#
.........S@.........#....
######.####.##...#......
#........$..###..######.
#.........#####..###
#.........# #......#
#.........# #......#
#.........# #......#
#.........# ########
#.........#


You could see an adder.

Vanquished Creatures
  2 leopard geckos
  2 bats
  2 giant cockroaches (D:1)
  3 goblins
  2 hobgoblins
  3 frilled lizards
  2 kobolds (D:1)
  6 rats
22 creatures vanquished.

Notes
Turn   | Place    | Note
-------+----------+-------------------------------------------
     0 | D:1      | Monsterracer the Vine Stalker Enchanter began the quest for the Orb.
     0 | D:1      | Reached XP level 1. HP: 9/9 MP: 4/4
    55 | D:1      | Reached skill level 1 in Short Blades
   149 | D:1      | HP: 4/9 [leopard gecko (1)]
   152 | D:1      | Reached XP level 2. HP: 6/13 MP: 1/6
   156 | D:1      | Learned a level 2 spell: Ensorcelled Hibernation
   853 | D:2      | Reached skill level 4 in Stealth
   858 | D:2      | HP: 6/13 [goblin/club (1)]
  1108 | D:2      | Reached XP level 3. HP: 16/16 MP: 7/7
  1110 | D:2      | HP: 8/16 [adder (3)]
  1112 | D:2      | Slain by an adder

Vault maps used:
D:1:      shiori_arrival_maze
D:2:      kennysheep_slug_shrine

Skill      XL: |  1  2 |
---------------+-------+-----
Short Blades   | 1 |  1.4
Stealth        | 4 |  4.0
Dodging        | |  1.5
Spellcasting   | |  2.5
Hexes          | |  3.3

Action                   || total
-------------------------++-------
Melee: Dagger            ||    63
       Bite              ||     8
 Cast: Corona            ||     3
       Ensorcelled Hiber ||     5
 Stab: Sleeping          ||     5
  Eat: Chunk             ||     1
Armor: Robe              ||    10
Dodge: Dodged            ||    45

Table legend:
 A = Spawn XP
 B = Non-spawn XP
 C = Spawn XP percentage of total XP
 D = Spawn monster count
 E = Non-spawn monster count
 F = Spawn count percentage of total count
 G = Total turns spent on level
                    A         B        C        D         E        F      G
               +---------+---------+-------+---------+---------+-------+---------
         Total |       0 |      34 |   0.0 |       0 |      22 |   0.0 |  1112
               +---------+---------+-------+---------+---------+-------+---------
           D:1 |       0 |      23 |   0.0 |       0 |      15 |   0.0 |   833
           D:2 |       0 |      11 |   0.0 |       0 |       7 |   0.0 |   279
               +---------+---------+-------+---------+---------+-------+---------

Vault maps used:
D:1:      shiori_arrival_maze
D:2:      kennysheep_slug_shrine
